 Dungeon Crawl Stone Soup version 0.31-a0-366-ga77b45bd9b (webtiles) character file.

Game seed: 12931024568284587498

1316 AdnanSaban the Cudgeller (level 8, -14/50 HPs)
             Began as a Gargoyle Fighter on July 28, 2023.
             Killed from afar by a steam dragon (17 damage)
             ... with a ball of steam
             ... on level 6 of the Dungeon.
             The game lasted 00:03:58 (3656 turns).

AdnanSaban the Cudgeller (Gargoyle Fighter)         Turns: 3656, Time: 00:04:00

Health: -14/50     AC: 24    Str: 26    XL:     8   Next: 59%
Magic:  2/2        EV:  7    Int:  4    God:
Gold:   379        SH:  5    Dex: 13    Spells: 7/7 levels left

rFire   . . .        e - +1 morningstar (antimagic)
rCold   . . .        c - +0 buckler
rNeg    + . .        t - +5 plate armour of the Centipede {Str+3 Int-4 Dex+4}
rPois   ∞            (no helmet)
rElec   +            (no cloak)
rCorr   .            (no gloves)
SInv    +            f - +0 pair of boots
Will    .....        (no amulet) Stlth
                     j - ring of see invisible
HPRegen 0.28/turn    (no ring)
MPRegen 0.08/turn

%: no passive effects
@: no status effects
A: sickness immunity, AC +5, negative energy resistance 1, electricity
resistance, torment resistance 1, petrification resistance
a: no special abilities


You were on level 6 of the Dungeon.
You visited 1 branch of the dungeon, and saw 6 of its levels.

You collected 379 gold pieces.

Inventory:

Hand Weapons
 e - a +1 antimagic morningstar (weapon)
 m - a +1 morningstar of holy wrath
Armour
 c - a +0 buckler (worn)
 f - a +0 pair of boots (worn)
 t - the +5 plate armour of the Centipede (worn) {Str+3 Int-4 Dex+4}
   (You found it on level 5 of the Dungeon)

   Str:       It affects your strength (+3).
   Int:       It affects your intelligence (-4).
   Dex:       It affects your dexterity (+4).
Jewellery
 j - a ring of see invisible (left hand)
Scrolls
 a - 3 scrolls of immolation {unknown}
 b - a scroll of vulnerability {unknown}
 i - 5 scrolls of identify {unknown}
 l - 2 scrolls of fog {unknown}
 n - a scroll of enchant armour {unknown}
 s - a scroll of revelation {unknown}
 u - 2 scrolls of teleportation {unknown}
Potions
 d - 2 potions of might
 g - a potion of degeneration {unknown}
 h - a potion of lignification {unknown}
 k - 2 potions of cancellation {unknown}
 o - a potion of attraction {unknown}
 p - a potion of heal wounds {unknown}
 q - 2 potions of enlightenment {unknown}
 r - a potion of experience {unknown}


   Skills:
 + Level 5.4 Fighting
 + Level 7.5 Maces & Flails
 + Level 5.7 Armour
 + Level 1.6 Dodging
 + Level 4.8 Shields


You had 7 spell levels left.
You didn't know any spells.
Your spell library contained the following spells:

 Spells                   Type           Power      Damage    Failure   Level
 Freeze                   Ice            0%         1d3       100%        1
 Frozen Ramparts          Ice            0%         1d1       100%        3
 Hailstorm                Conj/Ice       0%         3d3       100%        3
 Ozocubu's Armour         Ice            0%         N/A       100%        3
 Portal Projectile        Hex/Tloc       0%         N/A       100%        3
 Tukima's Dance           Hex            0%         N/A       100%        3
 Iskenderun's Mystic Bla  Conj/Tloc      0%         2d3       100%        4
 Metabolic Englaciation   Hex/Ice        0%         N/A       100%        5
 Simulacrum               Ice/Necr       0%         N/A       100%        6


Dungeon Overview and Level Annotations

Branches:
Dungeon (6/15)
 Temple: D:4-7

Altars:
Trog

Shops:
D:2 [   D:5 (


Innate Abilities, Weirdness & Mutations

You are immune to sickness and miasma.
Your stone body is resilient. (AC +5)
You are immune to poison.
You resist negative energy. (rN+)
You are resistant to electric shocks. (rElec)
You are resistant to unholy torment.
You are immune to petrification.


Message History

The steam dragon closely misses you.
Okay, then.
You hit the steam dragon but do no damage.
The steam dragon bites you.
* * * LOW HITPOINT WARNING * * *
The steam dragon claws you but does no damage.
You barely miss the steam dragon. The steam dragon breathes steam at you.
The ball of steam hits you but does no damage.
The steam dragon bites you.
* * * LOW HITPOINT WARNING * * *
The steam dragon claws you but does no damage.
You hit the steam dragon.
The steam dragon is lightly wounded.
You are engulfed in a cloud of scalding steam.
The steam dragon barely misses you. You block the steam dragon's attack.
The steam dragon breathes steam at you. The ball of steam misses you.
The steam dragon bites you but does no damage.
The steam dragon claws you but does no damage.
You sock the steam dragon!
The steam dragon is moderately wounded.
The steam dragon bites you but does no damage.
You block the steam dragon's attack.
You puncture the steam dragon!
The steam dragon is heavily wounded.
The steam dragon bites you.
* * * LOW HITPOINT WARNING * * *
You block the steam dragon's attack.
You closely miss the steam dragon.
The steam dragon is heavily wounded.
The steam dragon bites you but does no damage.
The steam dragon claws you but does no damage.
You thump the steam dragon!
The steam dragon is almost dead.
You block the steam dragon's attack.
The steam dragon claws you but does no damage.
The steam dragon breathes steam at you. The ball of steam hits you!
You die...

###########
##.........##
##...........#
##............###
###...............##
...................#
...........D...(...#
#.........@...##
###...........#
###........## #
###........# .
##..........# .
##...#......... ...
##..######.......
..####..## ###.....
..##..### ##.


You could see a steam dragon (catching breath).

Vanquished Creatures
  Sigmund (D:2)
  2 phantoms
  The ghost of blacky4 the Magician, an amateur DjVM (D:3)
  A centaur (D:6)
  A bullfrog (D:6)
  2 scorpions
  A howler monkey (D:4)
  3 hounds
  A jelly (D:5)
  2 sleepcaps
  A gnoll bouda (D:4)
  Terence (D:2)
  3 iguanas
  Natasha (thrice) (D:2)
  2 orc wizards
  3 gnolls
  8 adders
  A worm (D:2)
  4 dart slugs
  11 orcs
  8 endoplasms
  4 giant cockroaches
  10 goblins
  7 hobgoblins
  9 jackals
  5 kobolds
  3 quokkas
  6 ball pythons
  4 bats
  2 frilled lizards (D:2)
  4 rats
114 creatures vanquished.

Notes
Turn   | Place    | Note
-------+----------+-------------------------------------------
     0 | D:1      | AdnanSaban the Gargoyle Fighter began the quest for the
                  | Orb.
     0 | D:1      | Reached XP level 1. HP: 14/14 MP: 1/1
    36 | D:1      | Reached XP level 2. HP: 19/19 MP: 2/2
   197 | D:1      | Reached XP level 3. HP: 23/23 MP: 3/3
   547 | D:2      | Noticed Natasha
   558 | D:2      | Killed Natasha
   559 | D:2      | Reached XP level 4. HP: 9/29 MP: 4/4
   664 | D:2      | Noticed Sigmund
   673 | D:2      | Killed Sigmund
   674 | D:2      | Reached skill level 3 in Maces & Flails
   674 | D:2      | Reached XP level 5. HP: 31/33 MP: 5/5
   681 | D:2      | Found Idaad's Armour Shoppe.
   727 | D:2      | Reached XP level 6. HP: 38/38 MP: 6/6
   820 | D:2      | Noticed Terence
   824 | D:2      | Killed Terence
   825 | D:2      | Reached skill level 4 in Maces & Flails
   997 | D:2      | Noticed Natasha
  1007 | D:2      | Killed Natasha
  1008 | D:2      | Reached skill level 1 in Dodging
  1090 | D:2      | Noticed Natasha
  1101 | D:2      | Killed Natasha
  1588 | D:3      | Found a bloodstained altar of Trog.
  1726 | D:3      | Found a large runed translucent door.
  1728 | D:3      | Found a large runed translucent door.
  1746 | D:3      | Noticed blacky4's ghost (amateur DjVM)
  1917 | D:3      | Found a faded altar of an unknown god.
  2032 | D:3      | Killed blacky4's ghost
  2033 | D:3      | Reached XP level 7. HP: 44/44 MP: 7/7
  2063 | D:4      | Reached skill level 5 in Maces & Flails
  2489 | D:4      | Reached skill level 5 in Armour
  2637 | D:5      | Entered Level 5 of the Dungeon
  2654 | D:4      | Reached skill level 5 in Fighting
  2721 | D:5      | Reached skill level 6 in Maces & Flails
  2747 | D:5      | Identified the +5 plate armour of the Centipede {Str+3
                  | Int-4 Dex+4}
  2927 | D:5      | Reached XP level 8. HP: 49/49 MP: 8/8
  2927 | D:5      | Found Reemu's Antique Weapon Shop.
  3513 | D:6      | Reached skill level 7 in Maces & Flails
  3649 | D:6      | HP: 2/50 [steam dragon (6)]
  3654 | D:6      | HP: 2/50 [steam dragon (2)]
  3656 | D:6      | Killed from afar by a steam dragon

Illustrated notes

Levels and vault maps discovered:
D:1:      dreamdust_arrival_sigmund_warning, layout_rooms
D:2:      layout_loops_ring, serial_shops, nicolae_square_shop, uniq_sigmund,
          uniq_terence, uniq_natasha
D:3:      layout_rooms, mainiacjoe_overflow_boulevard,
          hellmonk_ecumenical_altar_defaced_shrine, ebering_ghost_disaster_area,
          hex_medium, minmay_misc_feat_iff
D:4:      layout_rooms, minivault_14
D:5:      layout_gridville, serial_shops, kennysheep_mini
D:6:      layout_cave_pods, temple_fountains, nicolae_lava_and_water,
          uniq_blork_the_orc, uniq_grinder

Skill      XL: |  1  2  3  4  5  6  7  8 |
---------------+-------------------------+-----
Fighting       | 4 5 |  5.4
Maces & Flails | 3 4 6 7 |  7.5
Armour         | 4 5 |  5.7
Shields        | 4 |  4.8
Dodging        | 1 |  1.6

Action                     |  1- 3 |  4- 6 |  7- 9 || total
---------------------------+-------+-------+-------++-------
  Melee: Flail             |    84 |    59 |       ||   143
         Morningstar       |       |   115 |   159 ||   274
 Armour: Scale mail        |    17 |       |       ||    17
         Chain mail        |    44 |   107 |    61 ||   212
         Plate armour      |       |       |    72 ||    72
  Dodge: Dodged            |    36 |    80 |    55 ||   171
  Block: Buckler           |    27 |    42 |    38 ||   107

Table legend: (Time is in decaauts)
 A = Elapsed time spent in this place.
 B = Non-inter-level travel time spent in this place.
 C = Inter-level travel time spent in this place.
 D = Time resting spent in this place.
 E = Time spent auto-exploring this place.
 F = Levels seen in this place.
 G = Mean time per level.
                   A        B        C        D        E       F      G
               +--------+--------+--------+--------+--------+-----+--------+
         Total |   3784 |   3675 |    109 |     57 |   2714 |   6 |  630.7 |
       Dungeon |   3784 |   3675 |    109 |     57 |   2714 |   6 |  630.7 |
               +--------+--------+--------+--------+--------+-----+--------+

Top non-repeatable levels by time:
     D:2: 928 daAuts
     D:5: 744 daAuts
     D:4: 678 daAuts
     D:3: 645 daAuts
     D:1: 571 daAuts
     D:6: 216 daAuts
